 Dungeon Crawl Stone Soup version 0.26-a0-738-g91b530ce93 (webtiles) character file.

Game seed: 10056357968655326920

131970 DerHolg the Severer (level 16, 0/151 HPs)
             Began as a Minotaur Berserker on Nov 4, 2020.
             Was a High Priest of Trog.
             Killed from afar by a bog body (12 damage)
             ... with a bolt of cold
             ... on level 3 of the Swamp on Nov 5, 2020.
             The game lasted 03:39:29 (32789 turns).

DerHolg the Severer (Minotaur Berserker)           Turns: 32789, Time: 03:39:29

Health: 0/151      AC: 20    Str: 26    XL:     16   Next: 56%
Magic:  15/15      EV: 14    Int:  4    God:    Trog [*****.]
Gold:   1982       SH: 18    Dex: 13    Spells: 15/15 levels left

rFire    + + .     SeeInvis +   a - +7 hand axe of the Philosopher {drain, rC+ rN+}
rCold    + + .     Faith    .   C - +0 kite shield
rNeg     + . .     Spirit   .   Q - +3 plate armour
rPois    +         Reflect  +   V - +1 hat {SInv}
rElec    +         Harm     .   e - +1 cloak
rCorr    .         Rampage  .   F - +1 pair of gloves of the Maze {rElec rF++}
MR       +....                  D - +0 pair of boots
Stlth    ..........             N - amulet of reflection
HPRegen  0.35/turn              O - ring of poison resistance
MPRegen  0.14/turn              k - ring of protection from cold

@: corroded, slowed, lightly drained, very slow
A: retaliatory headbutt, horns 2
a: Berserk, Trog's Hand, Brothers in Arms, Renounce Religion


You were on level 3 of the Swamp.
You worshipped Trog.
Trog was extremely pleased with you.
You visited 5 branches of the dungeon, and saw 27 of its levels.
You also visited: Gauntlet.

You collected 2669 gold pieces.
You spent 687 gold pieces at shops.

Inventory:

Hand Weapons
 a - the +7 hand axe of the Philosopher (weapon) {drain, rC+ rN+}
   (You found it in a Gauntlet)

   A truly terrible weapon, it drains the life of those it strikes.
   It protects you from cold.
   It protects you from negative energy.
 b - a +1 broad axe of flaming
Missiles
 o - 14 silver javelins (quivered)
 v - 2 throwing nets
Armour
 e - a +1 cloak (worn)
 C - a +0 kite shield (worn)
 D - a +0 pair of boots (worn)
 F - the +1 pair of gloves of the Maze (worn) {rElec rF++}
   (You bought it in a shop on level 2 of the Orcish Mines)

   It greatly protects you from fire.
   It insulates you from electricity.
 Q - a +3 plate armour (worn)
 V - a +1 hat of see invisible (worn)
 X - a +2 chain mail of cold resistance
Jewellery
 k - a ring of protection from cold (right hand)
 N - an amulet of reflection (around neck)
 O - a ring of poison resistance (left hand)
 W - a +4 ring of protection
Wands
 n - a wand of disintegration (32)
 x - a wand of flame (25)
 y - a wand of acid (12)
 E - a wand of paralysis (24)
 R - a wand of polymorph (12)
 T - a wand of digging (10)
 Y - a wand of iceblast (6)
 Z - a wand of enslavement (5)
Scrolls
 c - 25 scrolls of remove curse
 d - 7 scrolls of identify
 i - 12 scrolls of teleportation
 m - 4 scrolls of fog
 q - 2 scrolls of magic mapping
 r - 7 scrolls of fear
 u - 2 scrolls of enchant weapon {unknown}
 w - a scroll of silence {unknown}
 G - a scroll of torment {unknown}
 H - 2 scrolls of blinking
 I - 2 scrolls of vulnerability {unknown}
 J - 2 scrolls of enchant armour
 L - 2 scrolls of acquirement {unknown}
 P - a scroll of holy word {unknown}
 S - a scroll of summoning {unknown}
Potions
 f - 6 potions of ambrosia
 g - 4 potions of might
 h - 15 potions of curing
 j - a potion of degeneration {unknown}
 l - 2 potions of haste {unknown}
 p - 5 potions of heal wounds
 s - 6 potions of lignification
 t - 5 potions of flight
 z - a potion of cancellation {unknown}
 M - 3 potions of stabbing {unknown}
 U - 2 potions of resistance {unknown}


   Skills:
 + Level 16.2(16.0) Fighting
 + Level 19.0(18.8) Axes
 + Level 16.1(15.9) Armour
 - Level 13.0(12.8) Dodging
 * Level 12.9(12.7) Shields


You had 15 spell levels left.
You didn't know any spells.
Your spell library was empty.

Dungeon Overview and Level Annotations

Branches:
Dungeon (15/15)            Temple (1/1) D:4            Lair (6/6) D:11
  Swamp (3/4) Lair:2       Shoals (0/4) Lair:4        Slime (0/5) Lair:5
    Orc (2/2) D:9             Elf (0/3) Orc:2        Vaults (0/5) D:13
 Depths (0/5) D:15        Gauntlet (visited)
  Snake: Lair:2-4    Spider: Lair:2-4

Altars:
Ashenzari
Cheibriados
Dithmenos
Elyvilon
Fedhas
Gozag
Hepliaklqana
Kikubaaqudgha
Makhleb
Nemelex Xobeh
Okawaru
Qazlal
Ru
Sif Muna
Trog
Uskayaw
Vehumet
Wu Jian
Xom
Yredelemnul
Zin
The Shining One
Jiyva

Shops:
D:5 [   D:6 [   D:12 [   D:13 (   Orc:2 ([?[:

Annotations:
D:5 2 transporters, paps's ghost, weakling GnDe
D:6 exclusion: upstairs
D:7 1 runed translucent door, Crazy Yiuf
D:10 2 runed translucent doors, exclusion: orange crystal statue


Innate Abilities, Weirdness & Mutations

You reflexively headbutt those who attack you in melee.
You have a pair of horns on your head.


Message History

The spectral spriggan rider barely misses you.
The goliath frog is engulfed in spectral mist.
The goliath frog hits you from afar!
* * * LOW HITPOINT WARNING * * *
You are splashed with acid!
* * * LOW HITPOINT WARNING * * *
The swamp drake is engulfed in spectral mist.
The bog body touches you but does no damage.
Found 19 gold pieces.
There is a stone staircase leading up, spattered with blood here.
You are engulfed in spectral mist.
You block the eleionoma's attack.
The goliath frog is engulfed in spectral mist.
You block the goliath frog's attack. The ghost crab barely misses you.
You furiously retaliate!
You headbutt the ghost crab. You block the ghost crab's attack.
The spectral spriggan rider hits you but does no damage.
The swamp drake is engulfed in spectral mist.
The bog body points at you and mumbles some strange words.
The bolt of cold hits you! You resist.
You die...

♣.≈≈ ≈♣♣♣
♣♣♣.≈.♣♣♣ ♣♣.[≈♣
.≈(≈....♣ ≈≈....
≈≈§>...≈♣♣.≈....
.≈≈≈...≈♣.≈≈≈..≈
♣♣§≈≈..☼§.☼≈...≈
.≈≈≈≈.kFk§≈≈≈≈≈≈
.≈≈≈≈≈≈Zn§§≈[..≈
≈≈§≈≈≈≈@RZ≈≈≈.≈≈
≈....§≈.t.§≈≈.?≈
..♣♣.≈≈≈♣≈≈≈≈..≈
♣...≈.≈≈≈≈..≈
♣♣≈≈≈)≈≈≈≈...
..)≈♣♣≈≈≈...
.≈..♣♣ .≈≈.≈≈
♣♣♣♣♣ ...$


You could see an eleionoma, a ghost crab, a goliath frog, a spectral alligator
(summoned), a spectral spriggan rider (summoned), a bog body and 2 swamp drakes.

Vanquished Creatures
  A bone dragon (D:15)
  Jorgrun (D:15)
  Kirke (Lair:5)
  Gastronok (Lair:2)
  A frost giant (D:15)
  5 bunyips
  A minotaur (Gauntlet)
  A death ooze (Gauntlet)
  2 eleionomae
  Harold (D:7)
  3 boulder beetles (D:14)
  5 hydras
  An ice dragon (Lair:6)
  Fannar (Lair:1)
  2 centaur warriors
  6 two-headed ogres
  2 dancing weapons (D:13)
  A death yak (D:10)
  2 ghost crabs
  9 alligators
  A queen ant (Lair:3)
  An ogre mage (D:15)
  3 orc high priests (Orc:2)
  Urug (Orc:2)
  A fire crab (Lair:6)
  2 spriggan druids
  4 unseen horrors
  An unseen horror (shapeshifter) (D:14)
  4 swamp dragons
  4 bog bodies
  A lindwurm (Lair:6)
  Pikel (D:6)
  2 large abominations (Gauntlet)
  3 wolf spider zombies (D:15)
  2 wizards (Gauntlet)
  7 orc knights
  A deep elf mage (D:15)
  10 ugly things
  7 orc sorcerers
  6 cyclopes
  3 will-o-the-wisps
  2 manticores
  Joseph (Lair:1)
  3 centaur zombies
  13 elephants
  6 torpor snails
  3 black mambas
  4 rime drakes
  Maggie (D:7)
  A komodo dragon (shapeshifter) (D:14)
  11 cane toads
  6 komodo dragons
  A yaktaur (D:15)
  An efreet (D:15)
  A redback zombie (D:15)
  A freezing wraith (D:14)
  A kobold demonologist (D:13)
  4 polar bears
  13 hornets
  A meliai (D:15)
  7 trolls
  10 tyrant leeches
  20 blink frogs
  Prince Ribbit (D:6)
  11 dream sheep
  A snapping turtle (Lair:4)
  9 slime creatures (D:12)
  4 meliai zombies
  Sigmund (D:3)
  5 wraiths
  5 shadows
  63 yaks
  A vampire (D:10)
  6 spriggans
  2 water elementals (D:11)
  3 basilisks
  2 fire bats (Lair:4)
  2 hogs (Lair:5)
  7 wyverns
  10 vampire mosquitoes
  4 wargs
  Menkaure (D:7)
  Edmund (D:4)
  11 swamp worms
  An acid dragon (D:14)
  7 soldier ants
  7 water moccasins
  An ice beast (shapeshifter) (D:14)
  18 orc warriors
  A black bear (Lair:3)
  A hornet zombie (D:15)
  5 ice beasts
  5 small abominations (Gauntlet)
  A swamp drake (Swamp:1)
  12 ogres
  3 sky beasts
  16 wolves
  A necrophage (D:10)
  2 phantoms
  3 centaurs
  A lemure (D:5)
  2 big kobolds
  16 bullfrogs
  A gnoll sergeant (Orc:2)
  A wyvern zombie (D:15)
  2 scorpions
  A wyvern skeleton (D:15)
  4 wights
  11 howler monkeys
  6 electric eels (D:11)
  2 bullfrog zombies
  13 centaur skeletons
  9 hounds
  2 jellies
  14 orc priests
  4 bullfrog skeletons
  15 orc wizards
  5 iguanas
  14 worker ants
  2 killer bee zombies
  3 gnolls (D:6)
  9 adders
  3 shadow imps (Gauntlet)
  6 white imps
  4 oozes
  2 adder skeletons
  5 worms
  2 dart slugs (D:3)
  3 leopard geckos
  69 orcs
  2 ball pythons (D:1)
  4 giant cockroaches
  11 hobgoblins
  6 jackals
  4 quokkas
  14 bats
  5 frilled lizards
  10 goblins
  17 kobolds
  7 rats
768 creatures vanquished.

Vanquished Creatures (collateral kills)
  A centaur warrior (D:15)
  2 meliai (D:15)
  2 blink frogs (Lair:5)
  3 hogs (Lair:5)
8 creatures vanquished.

Vanquished Creatures (others)
  A hydra (Swamp:3)
  A spriggan druid (Swamp:1)
  A bog body (Swamp:1)
  A hornet (Swamp:1)
  A spriggan (Swamp:1)
  2 swamp worms
  2 orcs (Orc:1)
  2 bushes
  3 foxfires
  31 fungi
  95 plants
140 creatures vanquished.

Grand Total: 916 creatures vanquished

Notes
Turn   | Place    | Note
-------+----------+-------------------------------------------
     0 | D:1      | DerHolg the Minotaur Berserker began the quest for the Orb.
     0 | D:1      | Reached XP level 1. HP: 19/19 MP: 0/0
   205 | D:1      | Reached skill level 4 in Axes
   205 | D:1      | Reached XP level 2. HP: 27/27 MP: 1/1
   883 | D:2      | Reached XP level 3. HP: 32/33 MP: 2/2
  1126 | D:2      | Reached ** piety under Trog
  1734 | D:2      | Found a shimmering blue altar of Sif Muna.
  1997 | D:3      | Noticed Sigmund
  2077 | D:3      | Killed Sigmund
  2077 | D:3      | Reached skill level 5 in Axes
  2077 | D:3      | Reached XP level 4. HP: 41/41 MP: 3/3
  2077 | D:3      | Reached XP level 5. HP: 47/47 MP: 4/4
  2588 | D:3      | Reached XP level 6. HP: 53/53 MP: 5/5
  2591 | D:3      | Reached *** piety under Trog
  2623 | D:3      | Reached skill level 6 in Axes
  2864 | D:3      | You fall into a shaft and drop 3 floors!
  2894 | D:5      | Entered Level 5 of the Dungeon
  2926 | D:6      | Reached skill level 5 in Fighting
  3457 | D:6      | Reached XP level 7. HP: 57/61 MP: 6/6
  3505 | D:6      | Found a basalt altar of Yredelemnul.
  3819 | D:6      | Reached skill level 7 in Axes
  3915 | D:6      | Reached skill level 5 in Armour
  4134 | D:5      | Noticed paps's ghost (weakling GnDe)
  4153 | D:5      | Found a transporter.
  4378 | D:5      | Noticed Pikel
  4397 | D:6      | Killed Pikel
  4397 | D:6      | Reached skill level 8 in Axes
  4397 | D:6      | Reached skill level 5 in Dodging
  4397 | D:6      | Reached XP level 8. HP: 71/71 MP: 7/7
  4458 | D:6      | Found Pyreubesch's Armour Shop.
  5047 | D:4      | Found a staircase to the Ecumenical Temple.
  5055 | Temple   | Entered the Ecumenical Temple
  5240 | D:4      | Reached skill level 9 in Axes
  5690 | D:4      | Reached **** piety under Trog
  5894 | D:5      | Noticed Edmund
  6011 | D:4      | Killed Edmund
  6011 | D:4      | Reached XP level 9. HP: 71/79 MP: 8/8
  6303 | D:5      | Found Qedazet's Antique Armour Shoppe.
  6625 | D:5      | Found a transporter.
  6924 | D:6      | Noticed Prince Ribbit
  6946 | D:6      | Killed Prince Ribbit
  6946 | D:6      | Reached skill level 10 in Axes
  7215 | D:7      | Noticed Maggie
  7229 | D:7      | Killed Maggie
  7448 | D:7      | Noticed Menkaure
  7463 | D:7      | Killed Menkaure
  7646 | D:7      | Found a basalt altar of Yredelemnul.
  7954 | D:7      | Noticed Harold
  7983 | D:7      | Killed Harold
  7983 | D:7      | Reached skill level 11 in Axes
  8451 | D:7      | Reached XP level 10. HP: 90/90 MP: 9/9
  8525 | D:7      | Found a runed translucent door.
  8526 | D:7      | Noticed Crazy Yiuf
  8743 | D:8      | Found a burning altar of Makhleb.
  9716 | D:9      | Found a staircase to the Orcish Mines.
 10044 | D:10     | Entered Level 10 of the Dungeon
 10065 | D:10     | Reached skill level 12 in Axes
 10212 | D:10     | Found an ornate altar of the Wu Jian Council.
 10534 | D:10     | Found a runed translucent door.
 10535 | D:10     | Noticed an orange crystal statue
 10539 | D:10     | Found the +10 tower shield of Ignorance {rN+ Int-4}
 10580 | D:10     | Reached ***** piety under Trog
 10757 | D:10     | Found a runed translucent door.
 10939 | D:11     | Noticed a death yak
 10961 | D:10     | Killed a death yak
 11021 | D:11     | Found a staircase to the Lair.
 11085 | D:11     | Reached XP level 11. HP: 99/99 MP: 10/10
 11118 | D:11     | Reached skill level 13 in Axes
 12707 | D:11     | Reached skill level 10 in Fighting
 13498 | D:12     | Noticed a two-headed ogre
 13739 | D:12     | Noticed a two-headed ogre
 13770 | D:12     | Killed a two-headed ogre
 13875 | D:12     | Reached skill level 10 in Armour
 14188 | D:12     | Reached skill level 14 in Axes
 14495 | D:12     | Received a gift from Trog
 14783 | D:12     | Found Osaniur's Antique Armour Boutique.
 14863 | D:12     | Noticed a red ugly thing
 14887 | D:12     | Killed a red ugly thing
 14887 | D:12     | Reached skill level 1 in Shields
 14887 | D:12     | Reached XP level 12. HP: 110/110 MP: 11/11
 15021 | D:12     | Noticed a two-headed ogre
 15046 | D:12     | Killed a two-headed ogre
 15046 | D:12     | Reached skill level 10 in Dodging
 15052 | D:12     | Killed a two-headed ogre
 15428 | Lair:1   | Entered Level 1 of the Lair of Beasts
 15588 | Lair:1   | Noticed Joseph
 15619 | Lair:1   | Killed Joseph
 15743 | Lair:1   | Reached skill level 15 in Axes
 15988 | Lair:1   | Noticed a five-headed hydra
 16021 | Lair:1   | Killed a three-headed hydra
 16226 | Lair:1   | Noticed Fannar
 16284 | Lair:1   | Killed Fannar
 16842 | Lair:2   | Noticed Gastronok
 16851 | Lair:2   | Killed Gastronok
 17011 | Lair:2   | Found a staircase to the Swamp.
 17493 | Lair:2   | Reached skill level 16 in Axes
 17493 | Lair:2   | Reached XP level 13. HP: 118/118 MP: 12/12
 18102 | Lair:3   | Found an ancient bone altar of Kikubaaqudgha.
 18962 | Lair:3   | Received a gift from Trog
 19459 | Lair:4   | Found a staircase to the Shoals.
 20135 | Lair:5   | Noticed Kirke
 20164 | Lair:5   | Killed Kirke
 21108 | Lair:5   | Found a viscous altar of Jiyva.
 21109 | Lair:5   | Found a staircase to the Slime Pits.
 21232 | Lair:6   | Entered Level 6 of the Lair of Beasts
 21292 | Lair:6   | Reached XP level 14. HP: 129/129 MP: 13/13
 21312 | Lair:6   | Reached skill level 17 in Axes
 21851 | Lair:6   | Found a runed translucent door.
 22283 | Lair:6   | Reached ****** piety under Trog
 23259 | Orc:1    | Entered Level 1 of the Orcish Mines
 23325 | Orc:1    | Received a gift from Trog
 23638 | Orc:2    | Entered Level 2 of the Orcish Mines
 23966 | Orc:2    | Noticed Urug
 23992 | Orc:2    | Killed Urug
 24084 | Orc:2    | Found Revo's Book Boutique.
 24494 | Orc:2    | Found a staircase to the Elven Halls.
 24664 | Orc:2    | Reached skill level 5 in Shields
 25181 | Orc:2    | Found Qoclaj's Armour Shop.
 25181 | Orc:2    | Found Akhees's Antique Weapon Emporium.
 25183 | Orc:2    | Found Rireoth's Antique Armour Shop.
 25183 | Orc:2    | Found Oseachi's Magic Scroll Emporium.
 25214 | Orc:2    | Bought a pair of distressingly furry gloves for 342 gold
                  | pieces
 25224 | Orc:2    | Identified the +1 pair of gloves of the Maze {rElec rF++}
                  | (You bought it in a shop on level 2 of the Orcish Mines)
 25552 | D:13     | Found Noaried's Antique Weapon Shoppe.
 25587 | D:13     | Bought an ichor-stained battleaxe for 345 gold pieces
 25592 | D:13     | Identified the +8 battleaxe of the Wizarding Puffin {elec,
                  | *Rage +Blink +Inv Str+6} (You bought it in a shop on level
                  | 13 of the Dungeon)
 25623 | D:13     | Found Etunk's Antique Weapon Shop.
 25838 | D:13     | Reached XP level 15. HP: 139/139 MP: 14/14
 25851 | D:13     | Paralysed by a hornet for 1 turns
 26256 | D:13     | Found a gate to the Vaults.
 26647 | D:14     | Reached skill level 18 in Axes
 26989 | D:14     | Received a gift from Trog
 27304 | D:14     | Reached skill level 15 in Fighting
 28000 | D:15     | Entered Level 15 of the Dungeon
 28017 | D:15     | Found a gate leading to a gauntlet.
 28035 | Gauntlet | Entered a Gauntlet
 28035 | Gauntlet | Found a transporter.
 28035 | Gauntlet | Found a transporter.
 28036 | Gauntlet | Found a transporter.
 28036 | Gauntlet | Found a transporter.
 28039 | Gauntlet | Found a transporter.
 28039 | Gauntlet | Found a transporter.
 28049 | Gauntlet | Found a transporter.
 28053 | Gauntlet | Found a transporter.
 28063 | Gauntlet | Found a transporter.
 28166 | Gauntlet | Found a transporter.
 28168 | Gauntlet | Found a transporter.
 28178 | Gauntlet | Found a transporter.
 28390 | Gauntlet | Reached skill level 15 in Armour
 28397 | Gauntlet | Got a faintly glowing hand axe
 28476 | Gauntlet | Got a slimy hat
 28621 | Gauntlet | Identified Furchafiss's Tome of Blistering Snow
 28745 | D:15     | Identified the +7 hand axe of the Philosopher {drain, rC+
                  | rN+} (You found it in a Gauntlet)
 28810 | D:15     | Noticed Jorgrun
 28834 | D:15     | Killed Jorgrun
 29040 | D:15     | Reached skill level 10 in Shields
 29484 | D:15     | Found a staircase to the Depths.
 29484 | D:15     | Noticed a frost giant
 29491 | D:15     | Killed a frost giant
 29767 | D:15     | Noticed a bone dragon
 29768 | D:15     | Found the +9 sword of Zonguldrok {reap}
 29798 | D:15     | Killed a bone dragon
 30128 | Lair:2   | Identified the +1 hat of Compression {MP+9} (You found it
                  | in a Gauntlet)
 30139 | Lair:2   | Upgraded the game from 0.26-a0-737-g4e9f4955e2 to
                  | 0.26-a0-738-g91b530ce93
 30140 | Swamp:1  | Entered Level 1 of the Swamp
 30178 | Lair:2   | Reached XP level 16. HP: 78/150 MP: 15/15
 32332 | Swamp:2  | Reached skill level 19 in Axes
 32789 | Swamp:3  | Killed from afar by a bog body

Illustrated notes

Levels and vault maps discovered:
D:1:      dpeg_arrival_simpleton_c, layout_basic, nrook_mini_vaults
D:2:      layout_basic, marbit_many_paths
D:3:      minmay_razor_zed, layout_rooms, serial_glass, glass_columns_c,
          glass_columns_c, glass_columns_b, glass_columns_a, glass_columns_c,
          glass_columns_a, uniq_sigmund
D:4:      layout_loops_ring, minmay_temple_entry_mist
D:5:      layout_cave_pools, gammafunk_ghost_gnarly_gnolls, serial_shops,
          nicolae_shop_trees, uniq_pikel, uniq_edmund
D:6:      layout_loops_ring, kennysheep_little_box, kennysheep_small_square,
          uniq_prince_ribbit1
D:7:      layout_loops_ring, basic_altar, uniq_menkaure, uniq_maggie,
          uniq_harold, uniq_crazy_yiuf_cottage
D:8:      layout_rooms, basic_altar
D:9:      layout_basic, david_orc_1_choice
D:10:     layout_loops_corners, basic_altar, minmay_misc_feat_chi,
          chequers_guarded_unrand_ignorance
D:11:     layout_basic, david_lair_generic, minivault_26
D:12:     layout_stronghold, serial_shops, nicolae_shop_waterfront
D:13:     layout_basic, erik_vaults_1, serial_shops, shop, shop,
          grunt_ministairs_10
D:14:     layout_gridville, serial_park_tiny_pond, minmay_pinched_square
D:15:     grunt_enter_depths_snipers, layout_cross, gauntlet_entry_generic,
          serial_bayou_pond_c, minmay_guarded_unrand_zonguldrok, uniq_jorgrun
Temple:   regret_index_temple_chain_breaker
Lair:1:   layout_loops_ring, uniq_joseph, uniq_fannar
Lair:2:   layout_roguey, swamp_mist_pool, chequers_serial_rivers_micro_d,
          uniq_gastronok
Lair:3:   layout_gridlike, basic_altar, wad_woods_antlair, serial_bayou_shore_b
Lair:4:   layout_gridlike, minmay_shoals_entry_hut
Lair:5:   layout_long_grid, dpeg_slime_entry_enclosed_altar,
          lemuel_fruit_fields, serial_bayou_shore_b, uniq_kirke
Lair:6:   wormcave, layout_gridlike, grunt_megastairs_5, lemuel_fruit_tree
Swamp:1:  layout_basic_swamp, infiniplex_staircase_pool, swamp_pool1
Swamp:2:  layout_basic_swamp, hangedman_swamp_pad, swamp_pool2
Swamp:3:  layout_basic_swamp, evilmike_swamp_ruin_rubble_1, swamp_pool5
Orc:1:    layout_caves, basic_altar
Orc:2:    grunt_orc_tribal_feast, layout_diamond_mine, serial_shops,
          nicolae_shop_waterfront, nicolae_orc_bridge_out, sword_in_stone

Skill      XL: |  1  2  3  4  5  6  7  8  9 10 11 12 13 14 15 16 |
---------------+-------------------------------------------------+-----
Axes           | 4 5 6 8 9 11 12 14 16 17 18 19 | 19.0
Fighting       | 4 5 6 7 8 9 11 12 13 14 15 16 | 16.2
Armour         | 3 4 5 6 8 9 10 11 13 14 15 16 | 16.1
Dodging        | 3 4 5 6 7 8 9 11 12 13 | 13.0
Shields        | 1 4 7 11 12 | 12.9

Action                   |  1- 3 |  4- 6 |  7- 9 | 10-12 | 13-15 | 16-18 || total
-------------------------+-------+-------+-------+-------+-------+-------++-------
Melee: Hand axe          |    95 |   142 |   259 |       |   221 |   325 ||  1042
       Headbutt          |    19 |    23 |    71 |   181 |   395 |    76 ||   765
       War axe           |       |       |    30 |   512 |   712 |       ||  1254
       Battleaxe         |       |       |       |    71 |   491 |       ||   562
       Broad axe         |       |       |       |       |     5 |    12 ||    17
Throw: Stone             |       |       |       |   111 |       |       ||   111
       Boomerang         |       |       |       |       |    13 |       ||    13
Invok: Berserk           |     2 |     1 |     5 |     4 |     2 |       ||    14
       Trog's Hand       |     1 |     1 |     3 |     1 |    11 |     1 ||    18
       Brothers in Arms  |       |       |       |       |     2 |       ||     2
Evoke: Wand              |       |       |       |     1 |     1 |       ||     2
  Use: Scroll            |       |       |     3 |     3 |    15 |     1 ||    22
 Stab: Distracted        |       |       |       |       |     1 |       ||     1
Armor: Animal skin       |     4 |       |       |       |       |       ||     4
       Chain mail        |    30 |    67 |   113 |    17 |    53 |       ||   280
       Plate armour      |       |       |       |   244 |   416 |   130 ||   790
Dodge: Dodged            |    37 |    62 |   107 |   227 |   423 |   114 ||   970
Block: Buckler           |       |       |    16 |    57 |     7 |       ||    80
       Other             |       |       |       |       |    66 |       ||    66
       Kite shield       |       |       |       |       |   492 |   275 ||   767
       Reflection        |       |       |       |       |    26 |    11 ||    37

Table legend: (Time is in decaauts)
 A = Elapsed time spent in this place.
 B = Non-inter-level travel time spent in this place.
 C = Inter-level travel time spent in this place.
 D = Time resting spent in this place.
 E = Time spent auto-exploring this place.
 F = Levels seen in this place.
 G = Mean time per level.
                   A        B        C        D        E       F      G
               +--------+--------+--------+--------+--------+-----+--------+
         Total |  32581 |  30894 |   1687 |   7460 |  15361 |  28 | 1163.6 |
       Dungeon |  19412 |  18149 |   1263 |   4259 |   9189 |  15 | 1294.1 |
        Temple |    130 |    111 |     19 |      0 |    110 |   1 |  130.0 |
          Lair |   8108 |   7780 |    328 |   1826 |   4095 |   6 | 1351.3 |
         Swamp |   2265 |   2233 |     32 |    831 |    914 |   3 |  755.0 |
  Orcish Mines |   2083 |   2039 |     44 |    499 |    776 |   2 | 1041.5 |
      Gauntlet |    580 |    580 |      0 |     45 |    276 |   1 |  580.0 |
               +--------+--------+--------+--------+--------+-----+--------+

Top non-repeatable levels by time:
    D:11: 2833 daAuts
     D:6: 1957 daAuts
  Lair:6: 1873 daAuts
    D:12: 1763 daAuts
   Orc:2: 1700 daAuts
  Lair:2: 1692 daAuts
    D:14: 1437 daAuts
  Lair:3: 1348 daAuts
    D:15: 1323 daAuts
     D:2: 1273 daAuts
     D:4: 1231 daAuts
     D:7: 1193 daAuts
  Lair:1: 1131 daAuts
 Swamp:2: 1130 daAuts
 Swamp:1: 1107 daAuts
